 Zot Defence DCSS version 0.15.2 (webtiles) character file.

96 Ryushun the Shield-Bearer (level 4, -1/37 HPs)
             Began as a Formicid Fighter on Apr 1, 2015.
             Slain by Thuh the gnoll
             ... wielding a +0 club
              (7 damage)
             ... in the Realm of Zot (Scenario V: Glassed Sandwich).
             The game lasted 00:03:20 (387 turns).

Ryushun the Shield-Bearer (Formicid Fighter)         Turns: 387, Time: 00:03:20

HP  -1/37        AC  7     Str 21      XL: 4   Next: 98%
MP   5/5         EV  7     Int  8      God:
Gold 0           SH  9     Dex 10      Spells:  0 memorised,  3 levels left

rFire  . . .     SeeInvis +     a - +0 long sword
rCold  . . .     Clarity  .     b - +0 scale mail
rNeg   . . .     rCorr    .     c - +0 shield
rPois  .         rRot     .     (helmet unavailable)
rElec  .         Spirit   .     (no cloak)
SustAb .         Warding  .     (no gloves)
rMut   .         Stasis   +     (no boots)
Gourm  .                        (no amulet)
MR     .....                    (no ring)
                                (no ring)

@: not resistant to hostile enchantments, extremely unstealthy
A: permanent stasis, dig shafts and tunnels, four strong arms, antennae 3
a: Make oklob sapling, Make arrow trap, Make plant, Remove Curse, Dig


You were in the Realm of Zot.
You were not hungry.

You visited 1 branch

Inventory:

Hand weapons
 a - a +0 long sword (weapon)
Armour
 b - a +0 scale mail (worn)
 c - a +0 shield (worn)
Comestibles
 f - a bread ration
Potions
 d - 2 potions of curing
 e - a potion of might
 i - 2 potions of magic


   Skills:
 + Level 3.8 Fighting
 + Level 2.3 Long Blades
 + Level 4.1 Armour
 + Level 1.1 Dodging
 + Level 4.4 Shields


You had 3 spell levels left.
You didn't know any spells.

Dungeon Overview and Level Annotations

Branches:
    Zot (1/1)

Altars:


Innate Abilities, Weirdness & Mutations

Your are under a permanent stasis effect.
You can dig through walls and to a lower floor.
Your four strong arms can wield two-handed weapons with a shield.
You have a pair of large antennae on your head (SInv).


Message History

The ooze is moderately wounded.
Thuh hits you with a club. The ooze hits you but does no damage.
You block the bat's attack.
You slash the ooze!
The ooze is severely wounded.
The bat hits you but does no damage. You block Thuh's attack.
The ooze hits you. You block the ooze's attack. The ooze hits you.
* * * LOW HITPOINT WARNING * * *
Thuh hits you with a club.
* * * LOW HITPOINT WARNING * * *
You hit the ooze.
The ooze is almost dead.
You block the bat's attack.
The bat hits your oklob sapling but does no damage.
You block Thuh's attack. The ooze hits you but does no damage.
The ooze hits you but does no damage.
You slash the bat!
You kill the bat!
Thuh hits you with a club!
You die...

▓▓▓▓▓▓▓▓▓▓▓▓▓▓▓▓▓▓▓▓▓▓▓▓▓▓▓▓▓▓▓▓▓
...............w.................
..............▓▓.▓▓..............
.............▓▓...▓▓.............
............▓▓.....▓▓............
...........▓▓.......▓▓...........
..........▓▓....%....▓▓..........
▓▓▓▓▓▓▓▓▓▓▓....)Jg....▓▓▓▓▓▓▓▓▓▓▓
∆∆∆∆∆∆∆▓▓▓▓▓▓▓▓P@P▓▓▓▓▓▓▓▓▓∆∆∆∆∆∆
▓▓▓▓▓▓▓▓▓▓▓....J%)....▓▓▓▓▓▓▓▓▓▓▓
..........▓▓.........▓▓..........
...........▓▓.......▓▓...........
............▓▓.....▓▓............
.............▓▓.%.▓▓.............
..............▓▓.▓▓..............
.................................
▓▓▓▓▓▓▓▓▓▓▓▓▓▓▓▓▓▓▓▓▓▓▓▓▓▓▓▓▓▓▓▓▓


You could see a worm, 2 oozes, Thuh the gnoll and 2 friendly oklob saplings.

Vanquished Creatures
  A worker ant (Zot)
  3 giant cockroaches (Zot)
  4 goblins (Zot)
  2 bats (Zot)
  A kobold (Zot)
  A rat (Zot)
12 creatures vanquished.

Vanquished Creatures (collateral kills)
  2 goblins (Zot)
  2 bats (Zot)
  A giant cockroach (Zot)
  A giant newt (Zot)
  A kobold (Zot)
7 creatures vanquished.

Grand Total: 19 creatures vanquished

Notes
Turn   | Place    | Note
--------------------------------------------------------------
     0 | Zot      | Ryushun, the Formicid Fighter, began the quest for the Orb.
     0 | Zot      | Reached XP level 1. HP: 18/18 MP: 1/1
   235 | Zot      | Reached XP level 2. HP: 21/24 MP: 3/3
   252 | Zot      | Noticed Troh Efu
   269 | Zot      | Killed Troh Efu the worker ant
   269 | Zot      | Reached skill level 4 in Armour
   269 | Zot      | Reached skill level 1 in Dodging
   269 | Zot      | Reached XP level 3. HP: 8/30 MP: 4/4
   269 | Zot      | Reached XP level 4. HP: 9/37 MP: 5/5
   387 | Zot      | Slain by Thuh the gnoll

Action                   |  1- 3 |  4- 6 || total
-------------------------+-------+-------++-------
Melee: Long sword        |    25 |    15 ||    40
 Abil: Make oklob saplin |       |     2 ||     2
  Use: Potion            |     1 |     1 ||     2
